[Event "Team 45 45 League T76"]
[Site "Internet Chess Club"]
[Date "2018.04.29"]
[Round "6"]
[White "LinceHispano44"]
[Black "walkover"]
[Result "1/2-1/2"]
[WhiteElo "1675"]
[BlackElo "1717"]
[Opening "English opening"]
[ECO "A32"]
[Time "10:01:05"]
[TimeControl "2700+45"]

1. Nf3 Nf6 2. c4 e6 3. Nc3 c5 4. d4 cxd4 5. Nxd4 a6 6. Bg5 h6 7. Bh4 Be7 8. Qc2
Nc6 9. Nxc6 bxc6 10. e4 Qa5 11. Be2 O-O 12. O-O d6 13. f4 e5 14. f5 Rb8 15. Bf2
Bb7 16. Na4 Ba8 17. c5 d5 18. Nb6 d4 19. Rac1 Rxb6 20. cxb6 c5 21. Bd3 Qxb6 22.
Rfe1 Ng4 23. h3 Nxf2 24. Kxf2 Rc8 25. b3 Bg5 26. Rb1 Be3+ 27. Kf1 Qf6 28. Qe2
Qh4 29. Qf3 a5 30. Rb2 Rb8 31. Rc2 Rc8 32. Qg4 Qf6 33. Rb1 Kh8 34. a3 g6 35. b4
gxf5 36. Qxf5 Qxf5+ 37. exf5 axb4 38. axb4 e4 39. Ba6 d3 40. Rc3 Rb8 41. b5 Bd4
42. Ra3 c4 43. Ra4 Bd5 44. b6 e3 45. Bxc4 e2+ 46. Ke1 Bc3+ 47. Kf2 e1=Q+ 48.
Rxe1 Bxe1+ {Game drawn by mutual agreement} 1/2-1/2

[Event "Team 45 45 League T76"]
[Site "Internet Chess Club"]
[Date "2018.04.28"]
[Round "6"]
[White "Chessfish"]
[Black "Goli"]
[Result "1/2-1/2"]
[WhiteElo "1681"]
[BlackElo "1714"]
[Opening "Pirc: classical (two knights) system"]
[ECO "B06"]
[Time "15:01:21"]
[TimeControl "2700+45"]

1. e4 g6 2. d4 Bg7 3. Nf3 d6 4. Nc3 Nf6 5. Bc4 O-O 6. O-O c6 7. Bf4 b5 8. Bb3 b4
9. e5 Nh5 10. Ne2 Nxf4 11. Nxf4 dxe5 12. Nxe5 e6 13. Ne2 Nd7 14. Nxc6 Qb6 15.
Ne7+ Kh8 16. Nxc8 Raxc8 17. Qd3 Rfd8 18. Qe3 Nf6 19. Rad1 a5 20. c3 Qa7 21. cxb4
a4 22. a3 axb3 23. Qxb3 Nd5 24. b5 Qb6 25. a4 Rc7 26. Ra1 Ra8 27. Rfd1 Kg8 28.
Nc3 Bxd4 29. Nxd5 Bxf2+ 30. Kh1 exd5 31. Qxd5 Rb8 32. Qb3 Qc5 33. Rd5 Qc2 34.
Qxc2 Rxc2 35. b4 Rb2 36. a5 Rxb4 37. b6 Bxb6 38. axb6 R4xb6 39. Rad1 Rb2 40.
Rd8+ Rxd8 41. Rxd8+ Kg7 42. h4 Rb4 43. g3 Rb2 44. Rd6 f5 45. Rd7+ Kh6 46. Kg1
Kh5 47. Rxh7+ Kg4 48. Rg7 Kxg3 49. Rxg6+ Kxh4 50. Kf1 Rb4 51. Rg8 Rg4 52. Rxg4+
fxg4 53. Kg2 Kh5 54. Kg3 Kg5 55. Kg2 Kf4 56. Kf2 g3+ 57. Kg2 Kg4 58. Kg1 Kf3 59.
Kf1 Kg4 60. Kg2 Kh4 61. Kg1 Kh3 62. Kh1 g2+ 63. Kg1 Kg3 {White stalemated}
1/2-1/2

[Event "Team 45 45 League T76"]
[Site "Internet Chess Club"]
[Date "2018.04.26"]
[Round "6"]
[White "cpic2363"]
[Black "idjit"]
[Result "1/2-1/2"]
[WhiteElo "1477"]
[BlackElo "1514"]
[Opening "French: Tarrasch, Guimard variation"]
[ECO "C04"]
[Time "19:05:51"]
[TimeControl "2700+45"]

1. e4 e6 2. d4 d5 3. Nd2 Nc6 4. c3 e5 5. exd5 Qxd5 6. Ngf3 exd4 7. Bc4 Qh5 8.
cxd4 Bd6 9. O-O Nge7 10. Ne4 O-O 11. Nxd6 cxd6 12. h3 Be6 13. Bd3 h6 14. Bf4
Rad8 15. Re1 Nd5 16. Bh2 Ncb4 17. Bb1 Rfe8 18. Re4 Nf6 19. Rh4 Qd5 20. a3 Nc6
21. Qd2 Bf5 22. Ba2 Qb5 23. a4 Qe2 24. Qxe2 Rxe2 25. d5 Ne5 26. Nxe5 dxe5 27.
Rb4 b6 28. Kf1 Rd2 29. Bxe5 Nxd5 30. Rd4 Rxd4 31. Bxd4 Nb4 32. Bc3 Nxa2 33. Rxa2
Rd1+ 34. Ke2 Be6 35. Kxd1 Bxa2 36. Kd2 Bb3 37. a5 Kf8 38. axb6 axb6 39. Bd4 b5
40. Kc3 Bc4 41. g3 g6 42. b4 {Game drawn by mutual agreement} 1/2-1/2

[Event "Team 45 45 League T76"]
[Site "Internet Chess Club"]
[Date "2018.04.27"]
[Round "6"]
[White "Pawnchain"]
[Black "Kingofknights"]
[Result "1/2-1/2"]
[WhiteElo "1416"]
[BlackElo "1482"]
[Opening "Caro-Kann: exchange variation"]
[ECO "B13"]
[Time "13:30:15"]
[TimeControl "2700+45"]

1. e4 c6 2. d4 d5 3. exd5 cxd5 4. Bd3 Nc6 5. c3 e5 6. dxe5 Nxe5 7. Bb5+ Nc6 8.
Nf3 a6 9. Ba4 b5 10. Bc2 Bc5 11. O-O Nf6 12. Re1+ Be6 13. Bg5 O-O 14. Qd3 g6 15.
Qe2 Kg7 16. Nbd2 {Game drawn by mutual agreement} 1/2-1/2

[Event "Team 45 45 League T76"]
[Site "Internet Chess Club"]
[Date "2018.04.29"]
[Round "6"]
[White "smsxman"]
[Black "liujf"]
[Result "0-1"]
[WhiteElo "1271"]
[BlackElo "1642"]
[Opening "Four knights: Spanish, classical defense"]
[ECO "C48"]
[Time "08:30:56"]
[TimeControl "2700+45"]

1. e4 e5 2. Nc3 Nf6 3. Nf3 Nc6 4. Bb5 Bc5 5. Bxc6 dxc6 6. Nxe5 Bxf2+ 7. Kf1 O-O
8. d3 Bc5 9. Bf4 Re8 10. Nc4 Be6 11. Nd2 Qd4 12. Bg3 Ng4 13. Qe2 Ne3+ 14. Kf2
Nxc2+ 15. Kf3 Qf6+ 16. Bf4 Nd4+ {White resigns} 0-1

[Event "Team 45 45 League T76"]
[Site "Internet Chess Club"]
[Date "2018.04.29"]
[Round "6"]
[White "oldprez1"]
[Black "stantheman59"]
[Result "1-0"]
[WhiteElo "1276"]
[BlackElo "1193"]
[Opening "English: Sicilian reversed"]
[ECO "A25"]
[Time "14:03:52"]
[TimeControl "2700+45"]

1. c4 e5 2. Nc3 Nc6 3. g3 Nf6 4. Bg2 Bc5 5. e3 d6 6. Nge2 Be6 7. b3 d5 8. Na4
Be7 9. Nac3 e4 10. cxd5 Nxd5 11. Bxe4 Nxc3 12. Nxc3 Bh3 13. Qf3 Ne5 14. Qe2 c6
15. Qh5 Bg2 16. Bxg2 Nd3+ 17. Kf1 O-O 18. Be4 g6 19. Qe2 Ne5 20. d4 Nd7 21. Kg2
Bb4 22. Bb2 Re8 23. Bf3 Qf6 24. Ne4 Qe7 25. a3 Bd6 26. Nxd6 Qxd6 27. Rac1 Rac8
28. Rhd1 Nf6 29. b4 a6 30. d5 c5 31. Bxf6 Qxf6 32. bxc5 Red8 33. d6 Rd7 34. Bg4
Rxd6 35. Rxd6 Rc6 {Black resigns} 1-0

[Event "Team 45 45 League T76"]
[Site "Internet Chess Club"]
[Date "2018.04.28"]
[Round "6"]
[White "noblitz-oblige"]
[Black "rubo"]
[Result "0-1"]
[WhiteElo "1535"]
[BlackElo "1602"]
[Opening "Caro-Kann: exchange variation"]
[ECO "B13"]
[Time "23:01:10"]
[TimeControl "2700+45"]

1. e4 c6 2. d4 d5 3. exd5 cxd5 4. Nf3 Bf5 5. Nc3 Nc6 6. a3 e6 7. h3 Rc8 8. Bd3
Bxd3 9. Qxd3 Bd6 10. O-O Nf6 11. Re1 O-O 12. Nd1 Bb8 13. c3 h6 14. Ne5 Nxe5 15.
dxe5 Nd7 16. Bf4 f6 17. Qg3 g5 18. Qg4 Qe8 19. Bh2 fxe5 20. Ne3 Qf7 21. Rf1 Nf6
22. Qe2 h5 23. Rad1 Ne4 24. f3 Nf6 25. Nc2 Nd7 26. Nb4 Qf6 27. f4 gxf4 28. Qxh5
Rf7 29. Qe2 Qg5 30. Nd3 a6 31. Ne1 Ba7+ 32. Kh1 e4 33. Qg4 Qxg4 34. hxg4 Rh7 35.
Nc2 Rf8 36. Nd4 Rf6 37. Rd2 e3 38. Re2 Rfh6 39. Nf3 e5 40. Kg1 e4 41. Ng5 Rxh2
42. Nxh7 Rxh7 43. Rxf4 Bb8 44. Rf5 Bh2+ 45. Kf1 Bg3 46. Rxe3 Rh1+ 47. Ke2 Re1+
48. Kd2 Rxe3 49. Kxe3 Nb6 50. Kd4 Kg7 51. Kc5 e3 52. Rf3 Bf2 {White resigns} 0-1

[Event "Team 45 45 League T76"]
[Site "Internet Chess Club"]
[Date "2018.04.29"]
[Round "6"]
[White "Constrictor"]
[Black "fao9944"]
[Result "1/2-1/2"]
[WhiteElo "1563"]
[BlackElo "1550"]
[Opening "Nimzovich-Larsen attack: Indian variation"]
[ECO "A01"]
[Time "10:00:50"]
[TimeControl "2700+45"]

1. b3 Nf6 2. Bb2 g6 3. Nf3 Bg7 4. c4 O-O 5. g3 d5 6. cxd5 Qxd5 7. Nc3 Qh5 8. Bg2
Bh3 9. O-O Nc6 10. e3 Rad8 11. Ne2 e5 12. Bxh3 Qxh3 13. Kh1 Rfe8 14. Nfg1 Qd7
15. d4 e4 16. Nf4 Nb4 17. a3 Nbd5 18. Nge2 c6 19. Nxd5 cxd5 20. Rc1 Rc8 21. Qd2
Qh3 22. Ng1 Qf5 23. Rxc8 Rxc8 24. Rc1 Rxc1 25. Bxc1 Ng4 26. Kg2 a6 27. h3 Nf6
28. Qa5 Qc8 29. Qc5 Qc6 30. Qxc6 bxc6 31. Ne2 Bf8 32. Nc3 h5 33. f3 Bd6 34. g4
hxg4 35. hxg4 g5 36. Na4 Kf8 37. Nc3 Ke8 38. Nb1 Kd8 39. a4 exf3+ 40. Kxf3 Ne4
41. Nd2 Ba3 42. Bxa3 Nxd2+ 43. Ke2 Nxb3 44. Kd3 Na5 45. e4 Kd7 46. e5 Ke6 47.
Bc1 f6 48. exf6 Kxf6 49. Kc3 Nb7 50. Be3 a5 51. Kd3 Nd6 52. Bd2 Nc4 53. Bc3 Ke6
54. Ke2 Kd6 55. Kd3 {Game drawn by mutual agreement} 1/2-1/2

[Event "Team 45 45 League T76"]
[Site "Internet Chess Club"]
[Date "2018.04.28"]
[Round "6"]
[White "OGO"]
[Black "g8wrb"]
[Result "0-1"]
[WhiteElo "1340"]
[BlackElo "1354"]
[Opening "French: Two knights variation"]
[ECO "C00"]
[Time "13:00:53"]
[TimeControl "2700+45"]

1. e4 e6 2. Nf3 d5 3. Nc3 Nf6 4. e5 Nfd7 5. d4 c5 6. Be3 Nc6 7. Be2 cxd4 8. Bxd4
Nxd4 9. Qxd4 Bc5 10. Qf4 O-O 11. O-O Qc7 12. b4 Bxf2+ 13. Kh1 Qxc3 14. Rxf2
Qxa1+ 15. Rf1 Qc3 16. Bd3 f5 17. exf6 Rxf6 18. Qh4 g6 19. Ng5 Rxf1+ 20. Bxf1 Nf6
21. Nf3 Bd7 22. Nd4 Rf8 {White resigns} 0-1

[Event "Team 45 45 League T76"]
[Site "Internet Chess Club"]
[Date "2018.04.28"]
[Round "6"]
[White "SeniorCitizen"]
[Black "kingsrook"]
[Result "1-0"]
[WhiteElo "1383"]
[BlackElo "1156"]
[Opening "Sicilian: Taimanov variation"]
[ECO "B45"]
[Time "14:01:11"]
[TimeControl "2700+45"]

1. e4 c5 2. Nf3 e6 3. Nc3 Nc6 4. d4 cxd4 5. Nxd4 Bb4 6. Nb3 Nf6 7. Bd3 O-O 8.
O-O d5 9. exd5 exd5 10. Ne2 Re8 11. h3 h6 12. Be3 Be6 13. Ng3 d4 14. Nxd4 Ba5
15. Nxc6 bxc6 16. Qc1 Bb6 17. Bxh6 Nh7 18. Rd1 Qf6 19. Be3 Bc7 20. Nh5 Qe7 21.
Bxh7+ {Black forfeits on time} 1-0

[Event "Team 45 45 League T76"]
[Site "Internet Chess Club"]
[Date "2018.04.29"]
[Round "6"]
[White "sdcohle"]
[Black "stanbeers"]
[Result "1/2-1/2"]
[WhiteElo "1355"]
[BlackElo "1401"]
[Opening "Queen's bishop game"]
[ECO "D02"]
[Time "20:31:02"]
[TimeControl "2700+45"]

1. d4 d5 2. Nf3 Nf6 3. Bf4 c6 4. e3 Bg4 5. Nbd2 Nbd7 6. h3 Bh5 7. Bd3 e6 8. O-O
Be7 9. a3 Nf8 10. c4 Bg6 11. Qc2 Rc8 12. c5 Bxd3 13. Qxd3 Ng6 14. Bh2 O-O 15.
Ne5 Re8 16. Ndf3 Ne4 17. b4 h6 18. Nxg6 fxg6 19. Ne5 g5 20. f3 Nf6 21. Ng6 Bf8
22. Be5 Rc7 23. Bxc7 Qxc7 24. Nxf8 Rxf8 25. e4 Qg3 26. e5 Nh5 27. Ra2 Nf4 28.
Qd2 Nxh3+ 29. Kh1 Nf4 30. Qf2 Nh5 31. Kg1 Qf4 32. Qd2 Qh4 33. g4 Nf4 34. Qh2 Ng6
35. Qxh4 Nxh4 36. Raf2 Ng6 37. Kh2 Nf4 38. Rd2 Ng6 39. a4 Nh4 40. Kg3 Ng6 41.
Rb2 Nf4 42. Rd2 Rf7 43. a5 a6 44. Rff2 Kh7 45. Rf1 Ng6 46. Rdf2 Nf4 47. Rd2
{Game drawn by mutual agreement} 1/2-1/2

[Event "Team 45 45 League T76"]
[Site "Internet Chess Club"]
[Date "2018.04.30"]
[Round "6"]
[White "Just-Jim"]
[Black "Aquaman"]
[Result "0-1"]
[WhiteElo "1257"]
[BlackElo "1258"]
[Opening "Réti opening"]
[ECO "A04"]
[Time "16:00:51"]
[TimeControl "2700+45"]

1. Nf3 c5 2. d4 cxd4 3. Nxd4 Nc6 4. Nxc6 bxc6 5. Nc3 g6 6. Qd4 Nf6 7. Ne4 Bg7 8.
e3 O-O 9. Nxf6+ Bxf6 10. Qa4 a5 11. Bc4 Ba6 12. Bxa6 Rxa6 13. Qc4 Rb6 14. c3 e6
15. O-O d5 16. Qf4 e5 17. Qf3 e4 18. Qf4 Be7 19. Rb1 Bd6 20. Qh6 Be5 21. f4 Bxc3
22. b3 Bg7 23. Qh3 d4 24. Ba3 Re8 25. Bc5 Rb5 26. Bxd4 Bxd4 27. exd4 Qxd4+ 28.
Kh1 e3 29. f5 e2 30. Rfe1 Rxf5 31. g4 Qe4+ 32. Kg1 Rf4 33. Rbc1 Rxg4+ 34. Kf2
Qd4+ 35. Qe3 Qxe3# {White checkmated} 0-1

[Event "Team 45 45 League T76"]
[Site "Internet Chess Club"]
[Date "2018.04.29"]
[Round "6"]
[White "Heian"]
[Black "kllrchris"]
[Result "0-1"]
[WhiteElo "1580"]
[BlackElo "1662"]
[Opening "Sicilian"]
[ECO "B50"]
[Time "15:19:51"]
[TimeControl "2700+45"]

1. e4 c5 2. Nf3 d6 3. Bc4 Nf6 4. d3 Nc6 5. c3 g6 6. h3 Bg7 7. Bb3 O-O 8. Nbd2 b6
9. Nf1 Ba6 10. Bc2 Rc8 11. N1h2 d5 12. e5 Nd7 13. d4 cxd4 14. cxd4 Qc7 15. Bd3
Bxd3 16. Qxd3 Nb4 17. Qb3 Nc2+ 18. Kd1 Nxa1 19. Be3 Nxb3 {White resigns} 0-1

[Event "Team 45 45 League T76"]
[Site "Internet Chess Club"]
[Date "2018.04.28"]
[Round "6"]
[White "WillC"]
[Black "andrew37"]
[Result "1-0"]
[WhiteElo "1687"]
[BlackElo "1673"]
[Opening "Queen's pawn game, Darooha variation "]
[ECO "D02"]
[Time "16:01:13"]
[TimeControl "2700+45"]

1. d4 d5 2. Nf3 Nf6 3. b3 g6 4. Bb2 Bg7 5. e3 O-O 6. Bd3 Ne4 7. O-O Na6 8. a3 f5
9. Nbd2 c6 10. Rc1 Nc7 11. c4 Bd7 12. Qc2 Rc8 13. Ne5 Nxd2 14. Qxd2 Be6 15. c5
Ne8 16. b4 Nf6 17. f3 Nd7 18. f4 Nf6 19. a4 Ne4 20. Bxe4 fxe4 21. b5 Bxe5 22.
dxe5 Qd7 23. Qd4 cxb5 24. axb5 Qxb5 25. Rc2 b6 26. Ba3 bxc5 27. Bxc5 Rc6 28.
Rfc1 Rfc8 29. h3 Qd3 30. Rc3 Qxd4 31. exd4 Bd7 32. Ra1 a6 33. Rca3 Rxc5 34. dxc5
Rxc5 35. Rxa6 Kf7 36. R6a5 Rc2 37. Rxd5 Bc6 38. Rda5 e3 39. R5a2 Rc4 40. Re1
Rxf4 41. Rxe3 Bd5 42. Rf2 Rxf2 43. Kxf2 Ke6 44. g4 Bc6 45. Kg3 Bd5 46. Kf4 Kf7
47. Kg5 Kg7 48. Kf4 Kf7 49. g5 Be6 50. h4 Bf5 51. h5 Be6 52. h6 Bf5 53. Rb3 Bd7
54. Rb8 Be8 55. Ke4 e6 56. Rb7+ Kg8 57. Rg7+ Kh8 58. Kd4 Bc6 59. Kc5 Bd5 60. Kd6
Bf3 61. Ke7 Bc6 62. Kf8 {Black resigns} 1-0

[Event "Team 45 45 League T76"]
[Site "Internet Chess Club"]
[Date "2018.04.29"]
[Round "6"]
[White "Scorpius"]
[Black "Hectormercado"]
[Result "0-1"]
[WhiteElo "1326"]
[BlackElo "1433"]
[Opening "Blackmar gambit"]
[ECO "B01"]
[Time "18:09:33"]
[TimeControl "2700+45"]

1. e4 d5 2. d4 dxe4 3. Nc3 Nf6 4. f3 exf3 5. Qxf3 Qxd4 6. Be3 Qg4 7. O-O-O Qxf3
8. Nxf3 a6 9. Bd3 Bg4 10. Rhf1 Nbd7 11. h3 Be6 12. Nd4 Bd5 13. Nxd5 Nxd5 14. Bc4
Nxe3 15. Bxf7+ Kd8 16. Ne6+ Kc8 17. Rfe1 Nxd1 18. Rxd1 g6 19. Be8 Bh6+ 20. Kb1
Rxe8 {White resigns} 0-1

[Event "Team 45 45 League T76"]
[Site "Internet Chess Club"]
[Date "2018.05.05"]
[Round "6"]
[White "Packerfan"]
[Black "calsal"]
[Result "0-1"]
[WhiteElo "1682"]
[BlackElo "1769"]
[Opening "Evans gambit"]
[ECO "C52"]
[Time "16:11:15"]
[TimeControl "2700+45"]

1. e4 e5 2. Nf3 Nc6 3. Bc4 Bc5 4. b4 Bxb4 5. c3 Ba5 6. O-O Nf6 7. d4 Nxe4 8. Qb3
O-O 9. dxe5 Bb6 10. Nbd2 Nxd2 11. Bxd2 Na5 12. Qa4 Nxc4 13. Qxc4 d5 14. exd6
Qxd6 15. Bf4 Qe6 16. Qd3 Qg6 17. Qd2 Be6 18. Rad1 Qh5 19. Nd4 Rad8 20. Qb2 c5
21. Qe2 Bg4 22. f3 cxd4 23. fxg4 d3+ {White resigns} 0-1

[Event "Team 45 45 League T76"]
[Site "Internet Chess Club"]
[Date "2018.04.28"]
[Round "6"]
[White "SirIvanhoe"]
[Black "Electryon"]
[Result "1/2-1/2"]
[WhiteElo "1571"]
[BlackElo "1514"]
[Opening "Scandinavian (center counter) defense"]
[ECO "B01"]
[Time "19:01:06"]
[TimeControl "2700+45"]

1. e4 d5 2. exd5 Qxd5 3. Nc3 Qd8 4. d4 c6 5. Nf3 Bf5 6. Bd3 Bg6 7. O-O e6 8. Re1
Be7 9. Ne5 Nd7 10. Nxg6 hxg6 11. Bxg6 Qc7 12. Bxf7+ Kxf7 13. g3 Ngf6 14. Qf3 Rh5
15. Bf4 Bd6 16. Bxd6 Qxd6 17. Rad1 Rah8 18. Ne4 Qd5 19. c4 Qa5 20. h4 Ke7 21.
Ng5 Nf8 22. Qe2 Qf5 23. Qe5 Qxe5 24. Rxe5 N6d7 25. Re3 R5h6 26. Rde1 Nb6 27. b3
Rf6 28. Ne4 Rg6 29. Kf1 Nbd7 30. Ng5 Nb6 31. Ne4 Nbd7 32. Ng5 Nb6 33. Re5 Nbd7
{Game drawn by mutual agreement} 1/2-1/2

[Event "Team 45 45 League T76"]
[Site "Internet Chess Club"]
[Date "2018.04.27"]
[Round "6"]
[White "kutch"]
[Black "Chess4Him"]
[Result "1-0"]
[WhiteElo "1521"]
[BlackElo "1525"]
[Opening "Modern defense: Averbakh system"]
[ECO "A40"]
[Time "21:01:41"]
[TimeControl "2700+45"]

1. d4 g6 2. c4 Bg7 3. Nc3 d6 4. e4 e5 5. d5 a5 6. Nf3 Nf6 7. h3 Nbd7 8. Be3 h5
9. a3 Bh6 10. Bxh6 Rxh6 11. b4 Nb6 12. c5 Nbd7 13. Bb5 Kf8 14. c6 Nb6 15. O-O
Ng8 16. Qc2 Qf6 17. Nh2 Ne7 18. Na4 bxc6 19. Nxb6 cxb6 20. dxc6 Ba6 21. Bxa6
Rxa6 22. b5 Ra7 23. a4 Rc7 24. Qd3 Nc8 25. Nf3 Kg7 26. Nd2 Qe6 27. Nc4 g5 28.
Ne3 Rg6 29. Nf5+ Kh7 30. Rfd1 g4 31. h4 Rf6 32. Qe3 Rg6 33. Rd5 Qe8 34. Rad1 Qf8
35. Qd2 Rf6 36. Nxd6 Nxd6 37. Rxd6 Rxd6 38. Qxd6 Qxd6 39. Rxd6 Kg7 40. g3 Kf8
41. Kg2 Ke7 42. Rh6 f6 43. Rh7+ Kd6 44. Rxc7 Kxc7 45. f3 gxf3+ 46. Kxf3 Kd6 47.
g4 hxg4+ 48. Kxg4 Ke6 49. h5 Kd6 50. h6 {Black resigns} 1-0

[Event "Team 45 45 League T76"]
[Site "Internet Chess Club"]
[Date "2018.04.28"]
[Round "6"]
[White "BrerRabbit"]
[Black "clarinetref"]
[Result "1/2-1/2"]
[WhiteElo "1408"]
[BlackElo "1492"]
[Opening "Queen's pawn, Mason variation"]
[ECO "D00"]
[Time "19:04:07"]
[TimeControl "2700+45"]

1. d4 d5 2. Bf4 Nf6 3. e3 c5 4. c3 Qb6 5. Qb3 Nc6 6. Nd2 e6 7. h3 Bd7 8. Qxb6
axb6 9. Bc7 cxd4 10. exd4 e5 11. dxe5 Ne4 12. Bxb6 Nxd2 13. Kxd2 Be7 14. Nf3 O-O
15. Bd3 Rfe8 16. Rhe1 Be6 17. Nd4 Bg5+ 18. Kc2 Bd8 19. Bxd8 Raxd8 20. Nxc6 bxc6
21. b4 Ra8 22. f4 g6 23. a3 h5 24. a4 Re7 25. a5 Rea7 26. Kd2 c5 27. Reb1 cxb4
28. cxb4 d4 29. Rb2 Bd5 30. g3 Bg2 31. h4 Kf8 32. Rc1 Rb8 33. Rc4 Rxa5 34. Rxd4
Ra1 35. Be4 Bh3 36. b5 Rg1 37. b6 Bg2 38. Rb3 Bxe4 39. Rxe4 Rg2+ 40. Ke1 Rb7 41.
Re2 Rg1+ 42. Kd2 Ra1 43. Ke3 Rc1 44. Rd2 Ke7 45. Ra2 Rc6 46. Ra7 Rxa7 47. bxa7
Ra6 48. Rb7+ Ke6 49. Ke4 Ra4+ 50. Kf3 Ra3+ 51. Ke4 Ra4+ 52. Kd3 f6 53. Kc3 fxe5
54. fxe5 Kxe5 55. Rf7 Ke6 56. Rb7 Kd5 57. Kb3 Ra6 58. Rg7 Kc5 59. Rd7 Kc6 60.
Rg7 Kb5 61. Rxg6 Rxa7 62. Rg5+ Kc6 63. Rxh5 Re7 64. Rg5 Re3+ 65. Kc4 Kd6 66. Kd4
Re1 67. h5 Ke6 68. g4 Kf6 69. Rg6+ Kf7 70. g5 Rh1 71. Rf6+ Kg7 72. h6+ Kh7 73.
Ke5 Re1+ 74. Kf5 Rf1+ 75. Ke6 Re1+ 76. Kf7 Rg1 77. Rg6 Rf1+ 78. Rf6 Rg1 79. g6+
Kxh6 80. g7+ Kh7 81. g8=Q+ Rxg8 {Game drawn by mutual agreement} 1/2-1/2

[Event "Team 45 45 League T76"]
[Site "Internet Chess Club"]
[Date "2018.04.27"]
[Round "6"]
[White "kabindra"]
[Black "fireball"]
[Result "1-0"]
[WhiteElo "1775"]
[BlackElo "1579"]
[Opening "French: Tarrasch, closed variation, main line"]
[ECO "C06"]
[Time "18:04:02"]
[TimeControl "2700+45"]

1. e4 e6 2. d4 d5 3. Nd2 Nf6 4. e5 Nfd7 5. Bd3 c5 6. c3 Nc6 7. Ne2 cxd4 8. cxd4
Qb6 9. Nb3 f6 10. Nf4 Nxd4 11. Qh5+ Ke7 12. Ng6+ hxg6 13. exf6+ Nxf6 14. Qxh8
Nxb3 15. axb3 Qxb3 16. Bxg6 Qc4 17. b3 Qc3+ 18. Bd2 Qxa1+ 19. Ke2 Qe5+ 20. Kd1
Bd7 21. Bb4+ Kd8 22. Qxf8+ Kc7 23. Qxa8 Qa1+ 24. Kc2 Qa2+ 25. Kc1 Qa1+ 26. Bb1
Qd4 27. Ba5+ Kc6 28. Bd2 Qc5+ 29. Bc2 Qa3+ 30. Kb1 Ne4 31. Rd1 Nc5 32. Rc1 Kb6
33. Qd8+ Ka6 34. Qf8 b6 35. Bc3 Kb5 36. Bb2 Qb4 37. Qf3 a5 38. Qc3 Qf4 39. Ba3
d4 40. Qc4+ Kc6 41. Bxc5 bxc5 42. Bd3 Qxf2 43. Qxc5+ Kb7 44. Qc7+ {Black
resigns} 1-0

[Event "Team 45 45 League T76"]
[Site "Internet Chess Club"]
[Date "2018.05.06"]
[Round "6"]
[White "Gilguli"]
[Black "QuieroAprender"]
[Result "0-1"]
[WhiteElo "1318"]
[BlackElo "1555"]
[Opening "Vienna game"]
[ECO "C25"]
[Time "16:50:49"]
[TimeControl "2700+45"]

1. e4 e5 2. Nc3 c6 3. Bc4 Bc5 4. Qh5 Qe7 5. Nf3 d6 6. d3 Nf6 7. Qh4 b5 8. Bb3 a5
9. Ng5 O-O 10. a3 a4 11. Ba2 Be6 12. Bxe6 fxe6 13. Be3 Nbd7 14. Nxh7 Bxe3 15.
Nxf6+ Rxf6 16. fxe3 Rf1+ 17. Rxf1 Qxh4+ 18. g3 Qxh2 19. O-O-O Qxg3 20. Rg1 Qxe3+
21. Kb1 Rf8 {White resigns} 0-1

[Event "Team 45 45 League T76"]
[Site "Internet Chess Club"]
[Date "2018.04.26"]
[Round "6"]
[White "Balderdash"]
[Black "BrerRabbit"]
[Result "1-0"]
[WhiteElo "1236"]
[BlackElo "1404"]
[Opening "Pirc defense"]
[ECO "B07"]
[Time "19:00:58"]
[TimeControl "2700+45"]

1. e4 d6 2. d4 Nf6 3. Nc3 e5 4. d5 c6 5. Nf3 cxd5 6. Nxd5 Nxe4 7. Bd3 Nc5 8. Bc4
Nc6 9. Bg5 Be7 10. Nxe7 Nxe7 11. Bb5+ Kf8 12. O-O Qb6 13. Bc4 Be6 14. Bxe6 Nxe6
15. Bd2 f6 16. Be3 Qc6 17. c3 Kf7 18. Nh4 Rhd8 19. Qc2 Kg8 20. Qe2 b6 21. Rad1
Rac8 22. Qg4 Kf7 23. Qh5+ Ng6 24. Nf5 Kg8 25. Rd3 Nef4 26. Bxf4 exf4 27. Rh3 Re8
28. Qxh7+ Kf7 29. Qxg7+ Ke6 30. Nd4+ {Black resigns} 1-0

[Event "Team 45 45 League T76"]
[Site "Internet Chess Club"]
[Date "2018.05.01"]
[Round "6"]
[White "drsigmund1"]
[Black "az2112"]
[Result "1-0"]
[WhiteElo "1545"]
[BlackElo "1515"]
[Opening "Queen's pawn, Mason variation"]
[ECO "D00"]
[Time "09:00:22"]
[TimeControl "2700+45"]

1. d4 d5 2. Bf4 Nf6 3. e3 e6 4. Nf3 Be7 5. h3 O-O 6. Bd3 b6 7. Nbd2 c5 8. c3 Ba6
9. Bxa6 Nxa6 10. Qe2 Nb8 11. e4 cxd4 12. Nxd4 dxe4 13. Nxe4 Nd5 14. Bh2 Qd7 15.
O-O Nc6 16. Rfd1 Nxd4 17. Rxd4 Qc6 18. Rad1 Rfd8 19. Qf3 Qe8 20. Kh1 Nf6 21. Nd6
Qf8 22. Nb5 Rxd4 23. Rxd4 Bc5 24. Rd1 a5 25. Bd6 Bxd6 26. Rxd6 Rb8 27. Qc6 Qe8
28. Qc7 Nd5 29. Qd7 Qxd7 30. Rxd7 Nf6 31. Rd6 Ne4 32. Rd7 Nf6 33. Rd4 Kf8 34.
Kg1 Ke7 35. Na7 Ra8 36. Nc6+ Ke8 37. Ne5 Nd5 38. c4 Ne7 39. Rd6 Nc8 40. Rc6 Rb8
41. Rc7 Ne7 42. Nd7 Rc8 43. Ra7 Rxc4 44. Nxb6 Rc1+ 45. Kh2 Kd8 46. Rxa5 Rc2 47.
b4 Kc7 48. Ra7+ Kxb6 49. Rxe7 Rxf2 50. a4 {Black resigns} 1-0

[Event "Team 45 45 League T76"]
[Site "Internet Chess Club"]
[Date "2018.04.30"]
[Round "6"]
[White "joaoazm"]
[Black "LuFran"]
[Result "0-1"]
[WhiteElo "1495"]
[BlackElo "1599"]
[Opening "Réti: King's Indian attack (Barcza system)"]
[ECO "A07"]
[Time "19:00:29"]
[TimeControl "2700+45"]

1. Nf3 d5 2. g3 Nc6 3. d4 Bg4 4. Bg2 Qd7 5. Bf4 O-O-O 6. O-O f6 7. Nc3 g5 8. Bd2
Nh6 9. Nb5 a6 10. Nc3 Nf7 11. Kh1 Bg7 12. Bc1 h5 13. Ng1 h4 14. Bxd5 Qd6 15.
Bxf7 hxg3 16. h3 Bxh3 17. Nxh3 Rxh3+ 18. Kg1 Rdh8 19. f4 Rh1+ 20. Kg2 R8h2+ 21.
Kxg3 Qd7 22. f5 Qd6+ 23. Bf4 gxf4+ 24. Kf3 Rh3+ 25. Kf2 R1h2+ 26. Ke1 f3 27. Ne4
Qf4 28. Qd3 f2+ 29. Nxf2 Rxd3 30. Be6+ Kb8 31. Nxd3 Qe3 32. Nf4 Qg3+ 33. Kd1 Bh6
34. c3 Bxf4 35. Bc4 Qe3 36. Kc2 Qd2+ 37. Kb1 Na5 38. Bd3 Rxe2 39. Bxe2 Qxe2 40.
b3 Qxf1+ 41. Kb2 Qe2+ 42. Ka3 Qc2 43. c4 Qc3 44. Ka4 Bd2 45. Ka3 Qb4+ 46. Kb2
Bc3+ {White resigns} 0-1

[Event "Team 45 45 League T76"]
[Site "Internet Chess Club"]
[Date "2018.04.28"]
[Round "6"]
[White "BrianWood"]
[Black "pita"]
[Result "1/2-1/2"]
[WhiteElo "1497"]
[BlackElo "1282"]
[Opening "QGA: Alekhine defense"]
[ECO "D22"]
[Time "19:01:16"]
[TimeControl "2700+45"]

1. d4 d5 2. c4 dxc4 3. Nf3 a6 4. e3 e6 5. Bxc4 c5 6. a4 cxd4 7. exd4 Bd6 8. Nc3
Nf6 9. Bg5 O-O 10. O-O Nbd7 11. Ne4 Be7 12. Nxf6+ Bxf6 13. Bxf6 Nxf6 14. Re1 Bd7
15. Ne5 Rc8 16. Nxd7 Qxd7 17. Be2 Rfd8 18. Bf3 Rc4 19. Qb3 b5 20. axb5 Qxb5 21.
Qa2 Rc2 22. Red1 Rd6 23. Qa3 Rb6 24. Qe7 Rxb2 25. d5 h6 26. d6 Qc5 27. Rac1
Qxf2+ 28. Kh1 Rd2 29. Qa7 Rxd1+ 30. Rxd1 Rb2 31. Qxf2 Rxf2 32. Kg1 Rc2 33. d7
Nxd7 34. Rxd7 Kf8 35. Rd8+ Ke7 36. Ra8 Ra2 37. Ra7+ Ke8 38. Bc6+ Kf8 39. h3 h5
40. Ra8+ Ke7 41. Bb5 a5 42. h4 Ra3 43. Kf2 Ra2+ 44. Be2 a4 45. Ra5 g6 46. g3 Kf6
47. Ke3 a3 48. g4 hxg4 49. Bxg4 Ra1 50. Be2 Kg7 51. h5 gxh5 52. Bxh5 Kh6 53.
Bxf7 a2 54. Bxe6 Re1+ 55. Kd2 a1=Q 56. Rxa1 Rxa1 57. Kd3 Kg5 58. Bb3 Ra3 59. Kc4
Kf6 60. Kb4 Ra7 61. Kc3 Ke5 62. Kd3 Rg7 63. Ba2 Rd7+ 64. Ke3 Rd4 65. Bb1 Rb4 66.
Bh7 Rb3+ 67. Kd2 Kd4 68. Ke2 Re3+ 69. Kd2 Rh3 70. Bg6 Rh2+ {Game drawn by mutual
agreement} 1/2-1/2